Workbook
Name cafe: Inventaire!$A$104
Name CodePostal: Clients!$D:$D
Name fondue: Inventaire!$A$100
Name garniture: Inventaire!$A$2
Name legumes: Inventaire!$A$87
Name melange: Inventaire!$A$81
Name Nocivique: Clients!$C:$C
Name NomRue: Clients!$B:$B
Name Numéro: Clients!$A:$A
Name NuméroClient: Clients!$A:$A
Name panure: Inventaire!$A$94
Name RaisonSociale: Clients!$E:$E
Name sauce: Inventaire!$A$11
Name soupe: Inventaire!$A$64

Sheet Partie A
A1: Emprunt | D1: Quinzaine | E1: Solde | F1: Intérês | G1: Capital | H1: Versement
A2: 16500 | C2: TOTAUX ► | D2: =A8 -> 72 | F2: =SUM(F3:F500) -> 1817.0557 | G2: =SUM(G3:G500) -> 16500 | H2: =SUM(H3:H500) -> 18317.056
A3: Taux annuel | D3: 0 | E3: =A2 -> 16500 | F3: 0 | G3: 0 | H3: 0
A4: 0.07 | D4: =IF(D3<$A$8,D3+1,"-") -> 1 | E4: =IF(ISNUMBER(D4),E3-G3,"") -> 16500 | F4: =IFERROR(-IPMT($A$4/($A$8/$A$6),D4,$A$8,$A$2),"") -> 48.125 | G4: =IFERROR(-PPMT($A$4/($A$8/$A$6),D4,$A$8,$A$2),"") -> 206.27855 | H4: =IF(ISNUMBER(D4),-PMT($A$4/($A$8/$A$6),$A$8,$A$2),"") -> 254.40355
A5: Nombre d'années | D5: =IF(D4<$A$8,D4+1,"-") -> 2 | E5: =IF(ISNUMBER(D5),E4-G4,"") -> 16293.721 | F5: =IFERROR(-IPMT($A$4/($A$8/$A$6),D5,$A$8,$A$2),"") -> 47.523354 | G5: =IFERROR(-PPMT($A$4/($A$8/$A$6),D5,$A$8,$A$2),"") -> 206.8802 | H5: =IF(ISNUMBER(D5),-PMT($A$4/($A$8/$A$6),$A$8,$A$2),"") -> 254.40355
A6: 3 | D6: =IF(D5<$A$8,D5+1,"-") -> 3 | E6: =IF(ISNUMBER(D6),E5-G5,"") -> 16086.841 | F6: =IFERROR(-IPMT($A$4/($A$8/$A$6),D6,$A$8,$A$2),"") -> 46.919954 | G6: =IFERROR(-PPMT($A$4/($A$8/$A$6),D6,$A$8,$A$2),"") -> 207.4836 | H6: =IF(ISNUMBER(D6),-PMT($A$4/($A$8/$A$6),$A$8,$A$2),"") -> 254.40355
A7: Nombre de quinzaines | D7: =IF(D6<$A$8,D6+1,"-") -> 4 | E7: =IF(ISNUMBER(D7),E6-G6,"") -> 15879.358 | F7: =IFERROR(-IPMT($A$4/($A$8/$A$6),D7,$A$8,$A$2),"") -> 46.314793 | G7: =IFERROR(-PPMT($A$4/($A$8/$A$6),D7,$A$8,$A$2),"") -> 208.08876 | H7: =IF(ISNUMBER(D7),-PMT($A$4/($A$8/$A$6),$A$8,$A$2),"") -> 254.40355
A8: =A6*24 -> 72 | D8: =IF(D7<$A$8,D7+1,"-") -> 5 | E8: =IF(ISNUMBER(D8),E7-G7,"") -> 15671.269 | F8: =IFERROR(-IPMT($A$4/($A$8/$A$6),D8,$A$8,$A$2),"") -> 45.707868 | G8: =IFERROR(-PPMT($A$4/($A$8/$A$6),D8,$A$8,$A$2),"") -> 208.69568 | H8: =IF(ISNUMBER(D8),-PMT($A$4/($A$8/$A$6),$A$8,$A$2),"") -> 254.40355
A9: Versement | D9: =IF(D8<$A$8,D8+1,"-") -> 6 | E9: =IF(ISNUMBER(D9),E8-G8,"") -> 15462.573 | F9: =IFERROR(-IPMT($A$4/($A$8/$A$6),D9,$A$8,$A$2),"") -> 45.099172 | G9: =IFERROR(-PPMT($A$4/($A$8/$A$6),D9,$A$8,$A$2),"") -> 209.30438 | H9: =IF(ISNUMBER(D9),-PMT($A$4/($A$8/$A$6),$A$8,$A$2),"") -> 254.40355
A10: =-PMT(A4/(A8/A6),A8,A2) -> 254.40355 | D10: =IF(D9<$A$8,D9+1,"-") -> 7 | E10: =IF(ISNUMBER(D10),E9-G9,"") -> 15253.269 | F10: =IFERROR(-IPMT($A$4/($A$8/$A$6),D10,$A$8,$A$2),"") -> 44.488701 | G10: =IFERROR(-PPMT($A$4/($A$8/$A$6),D10,$A$8,$A$2),"") -> 209.91485 | H10: =IF(ISNUMBER(D10),-PMT($A$4/($A$8/$A$6),$A$8,$A$2),"") -> 254.40355
A11: Total remboursé | D11: =IF(D10<$A$8,D10+1,"-") -> 8 | E11: =IF(ISNUMBER(D11),E10-G10,"") -> 15043.354 | F11: =IFERROR(-IPMT($A$4/($A$8/$A$6),D11,$A$8,$A$2),"") -> 43.876449 | G11: =IFERROR(-PPMT($A$4/($A$8/$A$6),D11,$A$8,$A$2),"") -> 210.5271 | H11: =IF(ISNUMBER(D11),-PMT($A$4/($A$8/$A$6),$A$8,$A$2),"") -> 254.40355
A12: =A10*A8 -> 18317.056 | D12: =IF(D11<$A$8,D11+1,"-") -> 9 | E12: =IF(ISNUMBER(D12),E11-G11,"") -> 14832.827 | F12: =IFERROR(-IPMT($A$4/($A$8/$A$6),D12,$A$8,$A$2),"") -> 43.262412 | G12: =IFERROR(-PPMT($A$4/($A$8/$A$6),D12,$A$8,$A$2),"") -> 211.14114 | H12: =IF(ISNUMBER(D12),-PMT($A$4/($A$8/$A$6),$A$8,$A$2),"") -> 254.40355
A13: Intérêts payé | D13: =IF(D12<$A$8,D12+1,"-") -> 10 | E13: =IF(ISNUMBER(D13),E12-G12,"") -> 14621.686 | F13: =IFERROR(-IPMT($A$4/($A$8/$A$6),D13,$A$8,$A$2),"") -> 42.646583 | G13: =IFERROR(-PPMT($A$4/($A$8/$A$6),D13,$A$8,$A$2),"") -> 211.75697 | H13: =IF(ISNUMBER(D13),-PMT($A$4/($A$8/$A$6),$A$8,$A$2),"") -> 254.40355
A14: =A12-A2 -> 1817.0557 | D14: =IF(D13<$A$8,D13+1,"-") -> 11 | E14: =IF(ISNUMBER(D14),E13-G13,"") -> 14409.929 | F14: =IFERROR(-IPMT($A$4/($A$8/$A$6),D14,$A$8,$A$2),"") -> 42.028959 | G14: =IFERROR(-PPMT($A$4/($A$8/$A$6),D14,$A$8,$A$2),"") -> 212.37459 | H14: =IF(ISNUMBER(D14),-PMT($A$4/($A$8/$A$6),$A$8,$A$2),"") -> 254.40355
D15: =IF(D14<$A$8,D14+1,"-") -> 12 | E15: =IF(ISNUMBER(D15),E14-G14,"") -> 14197.554 | F15: =IFERROR(-IPMT($A$4/($A$8/$A$6),D15,$A$8,$A$2),"") -> 41.409533 | G15: =IFERROR(-PPMT($A$4/($A$8/$A$6),D15,$A$8,$A$2),"") -> 212.99402 | H15: =IF(ISNUMBER(D15),-PMT($A$4/($A$8/$A$6),$A$8,$A$2),"") -> 254.40355
D16: =IF(D15<$A$8,D15+1,"-") -> 13 | E16: =IF(ISNUMBER(D16),E15-G15,"") -> 13984.56 | F16: =IFERROR(-IPMT($A$4/($A$8/$A$6),D16,$A$8,$A$2),"") -> 40.7883 | G16: =IFERROR(-PPMT($A$4/($A$8/$A$6),D16,$A$8,$A$2),"") -> 213.61525 | H16: =IF(ISNUMBER(D16),-PMT($A$4/($A$8/$A$6),$A$8,$A$2),"") -> 254.40355
D17: =IF(D16<$A$8,D16+1,"-") -> 14 | E17: =IF(ISNUMBER(D17),E16-G16,"") -> 13770.945 | F17: =IFERROR(-IPMT($A$4/($A$8/$A$6),D17,$A$8,$A$2),"") -> 40.165256 | G17: =IFERROR(-PPMT($A$4/($A$8/$A$6),D17,$A$8,$A$2),"") -> 214.2383 | H17: =IF(ISNUMBER(D17),-PMT($A$4/($A$8/$A$6),$A$8,$A$2),"") -> 254.40355
D18: =IF(D17<$A$8,D17+1,"-") -> 15 | E18: =IF(ISNUMBER(D18),E17-G17,"") -> 13556.707 | F18: =IFERROR(-IPMT($A$4/($A$8/$A$6),D18,$A$8,$A$2),"") -> 39.540394 | G18: =IFERROR(-PPMT($A$4/($A$8/$A$6),D18,$A$8,$A$2),"") -> 214.86316 | H18: =IF(ISNUMBER(D18),-PMT($A$4/($A$8/$A$6),$A$8,$A$2),"") -> 254.40355
D19: =IF(D18<$A$8,D18+1,"-") -> 16 | E19: =IF(ISNUMBER(D19),E18-G18,"") -> 13341.843 | F19: =IFERROR(-IPMT($A$4/($A$8/$A$6),D19,$A$8,$A$2),"") -> 38.91371 | G19: =IFERROR(-PPMT($A$4/($A$8/$A$6),D19,$A$8,$A$2),"") -> 215.48984 | H19: =IF(ISNUMBER(D19),-PMT($A$4/($A$8/$A$6),$A$8,$A$2),"") -> 254.40355
D20: =IF(D19<$A$8,D19+1,"-") -> 17 | E20: =IF(ISNUMBER(D20),E19-G19,"") -> 13126.354 | F20: =IFERROR(-IPMT($A$4/($A$8/$A$6),D20,$A$8,$A$2),"") -> 38.285198 | G20: =IFERROR(-PPMT($A$4/($A$8/$A$6),D20,$A$8,$A$2),"") -> 216.11835 | H20: =IF(ISNUMBER(D20),-PMT($A$4/($A$8/$A$6),$A$8,$A$2),"") -> 254.40355
D21: =IF(D20<$A$8,D20+1,"-") -> 18 | E21: =IF(ISNUMBER(D21),E20-G20,"") -> 12910.235 | F21: =IFERROR(-IPMT($A$4/($A$8/$A$6),D21,$A$8,$A$2),"") -> 37.654853 | G21: =IFERROR(-PPMT($A$4/($A$8/$A$6),D21,$A$8,$A$2),"") -> 216.7487 | H21: =IF(ISNUMBER(D21),-PMT($A$4/($A$8/$A$6),$A$8,$A$2),"") -> 254.40355
D22: =IF(D21<$A$8,D21+1,"-") -> 19 | E22: =IF(ISNUMBER(D22),E21-G21,"") -> 12693.487 | F22: =IFERROR(-IPMT($A$4/($A$8/$A$6),D22,$A$8,$A$2),"") -> 37.022669 | G22: =IFERROR(-PPMT($A$4/($A$8/$A$6),D22,$A$8,$A$2),"") -> 217.38088 | H22: =IF(ISNUMBER(D22),-PMT($A$4/($A$8/$A$6),$A$8,$A$2),"") -> 254.40355
D23: =IF(D22<$A$8,D22+1,"-") -> 20 | E23: =IF(ISNUMBER(D23),E22-G22,"") -> 12476.106 | F23: =IFERROR(-IPMT($A$4/($A$8/$A$6),D23,$A$8,$A$2),"") -> 36.388642 | G23: =IFERROR(-PPMT($A$4/($A$8/$A$6),D23,$A$8,$A$2),"") -> 218.01491 | H23: =IF(ISNUMBER(D23),-PMT($A$4/($A$8/$A$6),$A$8,$A$2),"") -> 254.40355
D24: =IF(D23<$A$8,D23+1,"-") -> 21 | E24: =IF(ISNUMBER(D24),E23-G23,"") -> 12258.091 | F24: =IFERROR(-IPMT($A$4/($A$8/$A$6),D24,$A$8,$A$2),"") -> 35.752765 | G24: =IFERROR(-PPMT($A$4/($A$8/$A$6),D24,$A$8,$A$2),"") -> 218.65079 | H24: =IF(ISNUMBER(D24),-PMT($A$4/($A$8/$A$6),$A$8,$A$2),"") -> 254.40355
D25: =IF(D24<$A$8,D24+1,"-") -> 22 | E25: =IF(ISNUMBER(D25),E24-G24,"") -> 12039.44 | F25: =IFERROR(-IPMT($A$4/($A$8/$A$6),D25,$A$8,$A$2),"") -> 35.115033 | G25: =IFERROR(-PPMT($A$4/($A$8/$A$6),D25,$A$8,$A$2),"") -> 219.28852 | H25: =IF(ISNUMBER(D25),-PMT($A$4/($A$8/$A$6),$A$8,$A$2),"") -> 254.40355
D26: =IF(D25<$A$8,D25+1,"-") -> 23 | E26: =IF(ISNUMBER(D26),E25-G25,"") -> 11820.151 | F26: =IFERROR(-IPMT($A$4/($A$8/$A$6),D26,$A$8,$A$2),"") -> 34.475442 | G26: =IFERROR(-PPMT($A$4/($A$8/$A$6),D26,$A$8,$A$2),"") -> 219.92811 | H26: =IF(ISNUMBER(D26),-PMT($A$4/($A$8/$A$6),$A$8,$A$2),"") -> 254.40355
... D80: =IF(D79<$A$8,D79+1,"-") -> - | E80: =IF(ISNUMBER(D80),E79-G79,"") | F80: =IFERROR(-IPMT($A$4/($A$8/$A$6),D80,$A$8,$A$2),"") | G80: =IFERROR(-PPMT($A$4/($A$8/$A$6),D80,$A$8,$A$2),"") | H80: =IF(ISNUMBER(D80),-PMT($A$4/($A$8/$A$6),$A$8,$A$2),"")

Sheet Partie B
A1: Emprunt | D1: Mois | E1: Solde | F1: Intérês | G1: Capital | H1: Versement
A2: 16500 | C2: TOTAUX ► | D2: =A8 -> 36 | F2: =SUM(F3:F500) -> 1840.9955 | G2: =SUM(G3:G500) -> 16500 | H2: =SUM(H3:H500) -> 18340.996
A3: Taux annuel | D3: 0 | E3: =A2 -> 16500 | F3: 0 | G3: 0 | H3: 0
A4: 0.07 | D4: =IF(D3<$A$8,D3+1,"-") -> 1 | E4: =IF(ISNUMBER(D4),E3-G3,"") -> 16500 | F4: =IFERROR(-IPMT($A$4/($A$8/$A$6),D4,$A$8,$A$2),"") -> 96.25 | G4: =IFERROR(-PPMT($A$4/($A$8/$A$6),D4,$A$8,$A$2),"") -> 413.2221 | H4: =IF(ISNUMBER(D4),-PMT($A$4/($A$8/$A$6),$A$8,$A$2),"") -> 509.4721
A5: Nombre d'années | D5: =IF(D4<$A$8,D4+1,"-") -> 2 | E5: =IF(ISNUMBER(D5),E4-G4,"") -> 16086.778 | F5: =IFERROR(-IPMT($A$4/($A$8/$A$6),D5,$A$8,$A$2),"") -> 93.839538 | G5: =IFERROR(-PPMT($A$4/($A$8/$A$6),D5,$A$8,$A$2),"") -> 415.63256 | H5: =IF(ISNUMBER(D5),-PMT($A$4/($A$8/$A$6),$A$8,$A$2),"") -> 509.4721
A6: 3 | D6: =IF(D5<$A$8,D5+1,"-") -> 3 | E6: =IF(ISNUMBER(D6),E5-G5,"") -> 15671.145 | F6: =IFERROR(-IPMT($A$4/($A$8/$A$6),D6,$A$8,$A$2),"") -> 91.415014 | G6: =IFERROR(-PPMT($A$4/($A$8/$A$6),D6,$A$8,$A$2),"") -> 418.05708 | H6: =IF(ISNUMBER(D6),-PMT($A$4/($A$8/$A$6),$A$8,$A$2),"") -> 509.4721
A7: Nombre de paiements | D7: =IF(D6<$A$8,D6+1,"-") -> 4 | E7: =IF(ISNUMBER(D7),E6-G6,"") -> 15253.088 | F7: =IFERROR(-IPMT($A$4/($A$8/$A$6),D7,$A$8,$A$2),"") -> 88.976348 | G7: =IFERROR(-PPMT($A$4/($A$8/$A$6),D7,$A$8,$A$2),"") -> 420.49575 | H7: =IF(ISNUMBER(D7),-PMT($A$4/($A$8/$A$6),$A$8,$A$2),"") -> 509.4721
A8: =A6*12 -> 36 | D8: =IF(D7<$A$8,D7+1,"-") -> 5 | E8: =IF(ISNUMBER(D8),E7-G7,"") -> 14832.593 | F8: =IFERROR(-IPMT($A$4/($A$8/$A$6),D8,$A$8,$A$2),"") -> 86.523456 | G8: =IFERROR(-PPMT($A$4/($A$8/$A$6),D8,$A$8,$A$2),"") -> 422.94864 | H8: =IF(ISNUMBER(D8),-PMT($A$4/($A$8/$A$6),$A$8,$A$2),"") -> 509.4721
A9: Versement | D9: =IF(D8<$A$8,D8+1,"-") -> 6 | E9: =IF(ISNUMBER(D9),E8-G8,"") -> 14409.644 | F9: =IFERROR(-IPMT($A$4/($A$8/$A$6),D9,$A$8,$A$2),"") -> 84.056256 | G9: =IFERROR(-PPMT($A$4/($A$8/$A$6),D9,$A$8,$A$2),"") -> 425.41584 | H9: =IF(ISNUMBER(D9),-PMT($A$4/($A$8/$A$6),$A$8,$A$2),"") -> 509.4721
A10: =-PMT(A4/(A8/A6),A8,A2) -> 509.4721 | D10: =IF(D9<$A$8,D9+1,"-") -> 7 | E10: =IF(ISNUMBER(D10),E9-G9,"") -> 13984.228 | F10: =IFERROR(-IPMT($A$4/($A$8/$A$6),D10,$A$8,$A$2),"") -> 81.574663 | G10: =IFERROR(-PPMT($A$4/($A$8/$A$6),D10,$A$8,$A$2),"") -> 427.89743 | H10: =IF(ISNUMBER(D10),-PMT($A$4/($A$8/$A$6),$A$8,$A$2),"") -> 509.4721
A11: Total remboursé | D11: =IF(D10<$A$8,D10+1,"-") -> 8 | E11: =IF(ISNUMBER(D11),E10-G10,"") -> 13556.331 | F11: =IFERROR(-IPMT($A$4/($A$8/$A$6),D11,$A$8,$A$2),"") -> 79.078595 | G11: =IFERROR(-PPMT($A$4/($A$8/$A$6),D11,$A$8,$A$2),"") -> 430.3935 | H11: =IF(ISNUMBER(D11),-PMT($A$4/($A$8/$A$6),$A$8,$A$2),"") -> 509.4721
A12: =A10*A8 -> 18340.996 | D12: =IF(D11<$A$8,D11+1,"-") -> 9 | E12: =IF(ISNUMBER(D12),E11-G11,"") -> 13125.937 | F12: =IFERROR(-IPMT($A$4/($A$8/$A$6),D12,$A$8,$A$2),"") -> 76.567966 | G12: =IFERROR(-PPMT($A$4/($A$8/$A$6),D12,$A$8,$A$2),"") -> 432.90413 | H12: =IF(ISNUMBER(D12),-PMT($A$4/($A$8/$A$6),$A$8,$A$2),"") -> 509.4721
A13: Intérêts payé | D13: =IF(D12<$A$8,D12+1,"-") -> 10 | E13: =IF(ISNUMBER(D13),E12-G12,"") -> 12693.033 | F13: =IFERROR(-IPMT($A$4/($A$8/$A$6),D13,$A$8,$A$2),"") -> 74.042692 | G13: =IFERROR(-PPMT($A$4/($A$8/$A$6),D13,$A$8,$A$2),"") -> 435.42941 | H13: =IF(ISNUMBER(D13),-PMT($A$4/($A$8/$A$6),$A$8,$A$2),"") -> 509.4721
A14: =A12-A2 -> 1840.9955 | D14: =IF(D13<$A$8,D13+1,"-") -> 11 | E14: =IF(ISNUMBER(D14),E13-G13,"") -> 12257.604 | F14: =IFERROR(-IPMT($A$4/($A$8/$A$6),D14,$A$8,$A$2),"") -> 71.502687 | G14: =IFERROR(-PPMT($A$4/($A$8/$A$6),D14,$A$8,$A$2),"") -> 437.96941 | H14: =IF(ISNUMBER(D14),-PMT($A$4/($A$8/$A$6),$A$8,$A$2),"") -> 509.4721
D15: =IF(D14<$A$8,D14+1,"-") -> 12 | E15: =IF(ISNUMBER(D15),E14-G14,"") -> 11819.634 | F15: =IFERROR(-IPMT($A$4/($A$8/$A$6),D15,$A$8,$A$2),"") -> 68.947866 | G15: =IFERROR(-PPMT($A$4/($A$8/$A$6),D15,$A$8,$A$2),"") -> 440.52423 | H15: =IF(ISNUMBER(D15),-PMT($A$4/($A$8/$A$6),$A$8,$A$2),"") -> 509.4721
D16: =IF(D15<$A$8,D15+1,"-") -> 13 | E16: =IF(ISNUMBER(D16),E15-G15,"") -> 11379.11 | F16: =IFERROR(-IPMT($A$4/($A$8/$A$6),D16,$A$8,$A$2),"") -> 66.378141 | G16: =IFERROR(-PPMT($A$4/($A$8/$A$6),D16,$A$8,$A$2),"") -> 443.09396 | H16: =IF(ISNUMBER(D16),-PMT($A$4/($A$8/$A$6),$A$8,$A$2),"") -> 509.4721
D17: =IF(D16<$A$8,D16+1,"-") -> 14 | E17: =IF(ISNUMBER(D17),E16-G16,"") -> 10936.016 | F17: =IFERROR(-IPMT($A$4/($A$8/$A$6),D17,$A$8,$A$2),"") -> 63.793426 | G17: =IFERROR(-PPMT($A$4/($A$8/$A$6),D17,$A$8,$A$2),"") -> 445.67867 | H17: =IF(ISNUMBER(D17),-PMT($A$4/($A$8/$A$6),$A$8,$A$2),"") -> 509.4721
D18: =IF(D17<$A$8,D17+1,"-") -> 15 | E18: =IF(ISNUMBER(D18),E17-G17,"") -> 10490.337 | F18: =IFERROR(-IPMT($A$4/($A$8/$A$6),D18,$A$8,$A$2),"") -> 61.193634 | G18: =IFERROR(-PPMT($A$4/($A$8/$A$6),D18,$A$8,$A$2),"") -> 448.27846 | H18: =IF(ISNUMBER(D18),-PMT($A$4/($A$8/$A$6),$A$8,$A$2),"") -> 509.4721
D19: =IF(D18<$A$8,D18+1,"-") -> 16 | E19: =IF(ISNUMBER(D19),E18-G18,"") -> 10042.059 | F19: =IFERROR(-IPMT($A$4/($A$8/$A$6),D19,$A$8,$A$2),"") -> 58.578676 | G19: =IFERROR(-PPMT($A$4/($A$8/$A$6),D19,$A$8,$A$2),"") -> 450.89342 | H19: =IF(ISNUMBER(D19),-PMT($A$4/($A$8/$A$6),$A$8,$A$2),"") -> 509.4721
D20: =IF(D19<$A$8,D19+1,"-") -> 17 | E20: =IF(ISNUMBER(D20),E19-G19,"") -> 9591.1654 | F20: =IFERROR(-IPMT($A$4/($A$8/$A$6),D20,$A$8,$A$2),"") -> 55.948465 | G20: =IFERROR(-PPMT($A$4/($A$8/$A$6),D20,$A$8,$A$2),"") -> 453.52363 | H20: =IF(ISNUMBER(D20),-PMT($A$4/($A$8/$A$6),$A$8,$A$2),"") -> 509.4721
D21: =IF(D20<$A$8,D20+1,"-") -> 18 | E21: =IF(ISNUMBER(D21),E20-G20,"") -> 9137.6418 | F21: =IFERROR(-IPMT($A$4/($A$8/$A$6),D21,$A$8,$A$2),"") -> 53.30291 | G21: =IFERROR(-PPMT($A$4/($A$8/$A$6),D21,$A$8,$A$2),"") -> 456.16919 | H21: =IF(ISNUMBER(D21),-PMT($A$4/($A$8/$A$6),$A$8,$A$2),"") -> 509.4721
D22: =IF(D21<$A$8,D21+1,"-") -> 19 | E22: =IF(ISNUMBER(D22),E21-G21,"") -> 8681.4726 | F22: =IFERROR(-IPMT($A$4/($A$8/$A$6),D22,$A$8,$A$2),"") -> 50.641923 | G22: =IFERROR(-PPMT($A$4/($A$8/$A$6),D22,$A$8,$A$2),"") -> 458.83017 | H22: =IF(ISNUMBER(D22),-PMT($A$4/($A$8/$A$6),$A$8,$A$2),"") -> 509.4721
D23: =IF(D22<$A$8,D22+1,"-") -> 20 | E23: =IF(ISNUMBER(D23),E22-G22,"") -> 8222.6424 | F23: =IFERROR(-IPMT($A$4/($A$8/$A$6),D23,$A$8,$A$2),"") -> 47.965414 | G23: =IFERROR(-PPMT($A$4/($A$8/$A$6),D23,$A$8,$A$2),"") -> 461.50668 | H23: =IF(ISNUMBER(D23),-PMT($A$4/($A$8/$A$6),$A$8,$A$2),"") -> 509.4721
D24: =IF(D23<$A$8,D23+1,"-") -> 21 | E24: =IF(ISNUMBER(D24),E23-G23,"") -> 7761.1357 | F24: =IFERROR(-IPMT($A$4/($A$8/$A$6),D24,$A$8,$A$2),"") -> 45.273292 | G24: =IFERROR(-PPMT($A$4/($A$8/$A$6),D24,$A$8,$A$2),"") -> 464.19881 | H24: =IF(ISNUMBER(D24),-PMT($A$4/($A$8/$A$6),$A$8,$A$2),"") -> 509.4721
D25: =IF(D24<$A$8,D24+1,"-") -> 22 | E25: =IF(ISNUMBER(D25),E24-G24,"") -> 7296.9369 | F25: =IFERROR(-IPMT($A$4/($A$8/$A$6),D25,$A$8,$A$2),"") -> 42.565465 | G25: =IFERROR(-PPMT($A$4/($A$8/$A$6),D25,$A$8,$A$2),"") -> 466.90663 | H25: =IF(ISNUMBER(D25),-PMT($A$4/($A$8/$A$6),$A$8,$A$2),"") -> 509.4721
D26: =IF(D25<$A$8,D25+1,"-") -> 23 | E26: =IF(ISNUMBER(D26),E25-G25,"") -> 6830.0303 | F26: =IFERROR(-IPMT($A$4/($A$8/$A$6),D26,$A$8,$A$2),"") -> 39.841843 | G26: =IFERROR(-PPMT($A$4/($A$8/$A$6),D26,$A$8,$A$2),"") -> 469.63026 | H26: =IF(ISNUMBER(D26),-PMT($A$4/($A$8/$A$6),$A$8,$A$2),"") -> 509.4721
... D50: =IF(D49<$A$8,D49+1,"-") -> - | E50: =IF(ISNUMBER(D50),E49-G49,"") | F50: =IFERROR(-IPMT($A$4/($A$8/$A$6),D50,$A$8,$A$2),"") | G50: =IFERROR(-PPMT($A$4/($A$8/$A$6),D50,$A$8,$A$2),"") | H50: =IF(ISNUMBER(D50),-PMT($A$4/($A$8/$A$6),$A$8,$A$2),"")

Sheet Partie C
D1: Mois | E1: Intérês | F1: Solde
A2: Montant | C2: TOTAUX ► | D2: =MAX(D3:D15) -> 12 | E2: =SUM(E3:E464) -> 513.16054
A3: 4600 | D3: 0 | E3: 0 | F3: =A3 -> 4600
D4: =IF(D3<12,D3+1,"-") -> 1 | E4: =IFERROR(-IPMT($A$6/12,D4,12,$A$3),"") -> 76.628333 | F4: =IF(ISNUMBER(D4),F3+PPMT($A$6/12,D4,12,$A$3),"") -> 4250.5316
A5: Taux annuel | D5: =IF(D4<12,D4+1,"-") -> 2 | E5: =IFERROR(-IPMT($A$6/12,D5,12,$A$3),"") -> 70.806773 | F5: =IF(ISNUMBER(D5),F4+PPMT($A$6/12,D5,12,$A$3),"") -> 3895.2417
A6: 0.1999 | D6: =IF(D5<12,D5+1,"-") -> 3 | E6: =IFERROR(-IPMT($A$6/12,D6,12,$A$3),"") -> 64.888234 | F6: =IF(ISNUMBER(D6),F5+PPMT($A$6/12,D6,12,$A$3),"") -> 3534.0332
D7: =IF(D6<12,D6+1,"-") -> 4 | E7: =IFERROR(-IPMT($A$6/12,D7,12,$A$3),"") -> 58.871103 | F7: =IF(ISNUMBER(D7),F6+PPMT($A$6/12,D7,12,$A$3),"") -> 3166.8076
A8: Mensualité | D8: =IF(D7<12,D7+1,"-") -> 5 | E8: =IFERROR(-IPMT($A$6/12,D8,12,$A$3),"") -> 52.753737 | F8: =IF(ISNUMBER(D8),F7+PPMT($A$6/12,D8,12,$A$3),"") -> 2793.4646
A9: =-PMT($A$6/12,12,$A$3) -> 426.09671 | D9: =IF(D8<12,D8+1,"-") -> 6 | E9: =IFERROR(-IPMT($A$6/12,D9,12,$A$3),"") -> 46.534465 | F9: =IF(ISNUMBER(D9),F8+PPMT($A$6/12,D9,12,$A$3),"") -> 2413.9024
D10: =IF(D9<12,D9+1,"-") -> 7 | E10: =IFERROR(-IPMT($A$6/12,D10,12,$A$3),"") -> 40.21159 | F10: =IF(ISNUMBER(D10),F9+PPMT($A$6/12,D10,12,$A$3),"") -> 2028.0173
D11: =IF(D10<12,D10+1,"-") -> 8 | E11: =IFERROR(-IPMT($A$6/12,D11,12,$A$3),"") -> 33.783387 | F11: =IF(ISNUMBER(D11),F10+PPMT($A$6/12,D11,12,$A$3),"") -> 1635.7039
D12: =IF(D11<12,D11+1,"-") -> 9 | E12: =IFERROR(-IPMT($A$6/12,D12,12,$A$3),"") -> 27.248101 | F12: =IF(ISNUMBER(D12),F11+PPMT($A$6/12,D12,12,$A$3),"") -> 1236.8553
D13: =IF(D12<12,D12+1,"-") -> 10 | E13: =IFERROR(-IPMT($A$6/12,D13,12,$A$3),"") -> 20.603948 | F13: =IF(ISNUMBER(D13),F12+PPMT($A$6/12,D13,12,$A$3),"") -> 831.36255
D14: =IF(D13<12,D13+1,"-") -> 11 | E14: =IFERROR(-IPMT($A$6/12,D14,12,$A$3),"") -> 13.849115 | F14: =IF(ISNUMBER(D14),F13+PPMT($A$6/12,D14,12,$A$3),"") -> 419.11496
D15: =IF(D14<12,D14+1,"-") -> 12 | E15: =IFERROR(-IPMT($A$6/12,D15,12,$A$3),"") -> 6.9817566 | F15: =IF(ISNUMBER(D15),F14+PPMT($A$6/12,D15,12,$A$3),"") -> 3.9790393e-13

Sheet Inventaire
A1: Numéro | B1: Format | C1: Description | D1: Prix
A2: GARNITURE POUR TARTE-PIE FILLING
A3: 470 | B3: 600 g | C3: Garniture Caramel écossais/Butterscotsh | D3: 13.45
A4: C-0471 | B4: 3 kg | C4: Garniture Caramel écossais/Butterscotsh | D4: 34.7
A5: 485 | B5: 600g | C5: Garniture citron/Lemon filling | D5: 13.45
A6: C-0486 | B6: 3kg | C6: Garniture citron/Lemon filling | D6: 34.7
A7: 488 | B7: 600 g | C7: Garniture Chocolat/Chocolate filling | D7: 13.45
A8: C-0489 | B8: 3 kg | C8: Garniture Chocolat/Chocolate filling | D8: 34.7
A9: 491 | B9: 600g | C9: Garniture noix de coco/Coconut filling | D9: 13.45
A10: C-0492 | B10: 3kg | C10: Garniture noix de coco/Coconut filling | D10: 34.7
A11: BASE POUR SAUCE-SAUCE BASE
A12: 506 | B12: 500 g | C12: Base sauce BBQ/BBQ sauce base | D12: 14.65
A13: 507 | B13: 1 kg | C13: Base sauce BBQ/BBQ sauce base | D13: 21.6
A14: C-0508 | B14: 2,5 kg | C14: Base sauce BBQ/BBQ sauce base | D14: 36.25
A15: C-510 | B15: 10 kg | C15: Base sauce BBQ/BBQ sauce base | D15: 79.2
A16: C-511 | B16: 20 kg | C16: Base sauce BBQ/BBQ sauce base | D16: 128.4
A18: 512 | B18: 500 g | C18: Base sauce béchamel | D18: 16.75
A19: 513 | B19: 1 kg | C19: Base sauce béchamel | D19: 25.85
A20: C-0514 | B20: 2,5 kg | C20: Base sauce béchamel | D20: 43.6
A21: C-0516 | B21: 10 kg | C21: Base sauce béchamel | D21: 95.95
A22: C-0516 | B22: 20 kg | C22: Base sauce béchamel | D22: 149.55
A24: 517 | B24: 500 g | C24: Base sauce brune/Brown sauce base | D24: 18.25
A25: 518 | B25: 1 kg | C25: Base sauce brune/Brown sauce base | D25: 28.3
... A34: C-0528 | B34: 20 kg | C34: Base sauce éclair Rosbif/Rosbif sauce base | D34: 130.55
A36: 529 | B36: 500 g | C36: Base sauce Hot Chicken/Hot Chicken sauce base | D36: 13,95$
A37: 531 | B37: 1 kg | C37: Base sauce Hot Chicken/Hot Chicken sauce base | D37: 20.75
A38: C-0532 | B38: 2,5 kg | C38: Base sauce Hot Chicken/Hot Chicken sauce base | D38: 32.55
A39: C-0534 | B39: 10 kg | C39: Base sauce Hot Chicken/Hot Chicken sauce base | D39: 77.8
A40: C-0535 | B40: 20 kg | C40: Base sauce Hot Chicken/Hot Chicken sauce base | D40: 128.1
A42: 536 | B42: 500 g | C42: Base sauce oignon/Onion sauce base | D42: 16.45
A43: 537 | B43: 1 kg | C43: Base sauce oignon/Onion sauce base | D43: 25.05
A44: C-0538 | B44: 2,5 kg | C44: Base sauce oignon/Onion sauce base | D44: 40.9
A45: C-0539 | B45: 10 kg | C45: Base sauce oignon/Onion sauce base | D45: 97.5
A47: 543 | B47: 500 g | C47: Épices sauce spaghetti/Spaghetti spices | D47: 16.55
A48: 544 | B48: 1 kg | C48: Épices sauce spaghetti/Spaghetti spices | D48: 25.8
A49: C-0545 | B49: 2,5 kg | C49: Épices sauce spaghetti/Spaghetti spices | D49: 44.85
A50: C-0547 | B50: 10 kg | C50: Épices sauce spaghetti/Spaghetti spices | D50: 95.9
... A63: C-0676 | B63: 20 kg | C63: Base sauce poutine/Poutine sauce base | D63: 136
A64: BASE POUR SOUPE-SOUP BASE
A65: 549 | B65: 500 g | C65: Base soupe boeuf/Beef soup base | D65: 17.2
A66: 551 | B66: 1 kg | C66: Base soupe boeuf/Beef soup base | D66: 27.65
A67: C-0552 | B67: 2,5 kg | C67: Base soupe boeuf/Beef soup base | D67: 48.1
A68: C-0554 | B68: 1 kg | C68: Base soupe boeuf/Beef soup base | D68: 110.15
A69: C-0555 | B69: 20 kg | C69: Base soupe boeuf/Beef soup base | D69: 181.1
A71: 556 | B71: 500 g | C71: Base soupe poulet/Chicken soup base | D71: 13.05
A72: 557 | B72: 1 kg | C72: Base soupe poulet/Chicken soup base | D72: 19.5
A73: C-0558 | B73: 2,5 kg | C73: Base soupe poulet/Chicken soup base | D73: 33.4
A74: C-0561 | B74: 10 kg | C74: Base soupe poulet/Chicken soup base | D74: 84.35
A75: C-0562 | B75: 20 kg | C75: Base soupe poulet/Chicken soup base | D75: 138.8
A77: 574 | B77: 500 g | C77: Soupe oignon & boeuf/Onion & beef soup | D77: 20.45
A78: 575 | B78: 1 kg | C78: Soupe oignon & boeuf/Onion & beef soup | D78: 32.5
... A80: C-0578 | B80: 10 kg | C80: Soupe oignon & boeuf/Onion & beef soup | D80: 137.7
A81: MÉLANGE À SOUPE-SOUP MIX
A82: 600 | B82: 500 g | C82: Julienne & légumes/Mix & Vegetables | D82: 3,00$
A83: 601 | B83: 500 g | C83: Riz & légumes/Rice & Vegetables | D83: 3,00$
A84: 602 | B84: 500 g | C84: Alphabet & légumes/Alphabet & Vegetables | D84: 3,00$
A85: 603 | B85: 500 g | C85: Nouilles & légumes/Noodles & Vegetables | D85: 3
A86: 604 | B86: 500 g | C86: Campagnarde/Country Woman | D86: 3,00$
A87: LÉGUMES DÉSHYDRATÉS
A88: 605 | B88: 225 g | C88: Légumes déshydratés/Deshydrated vegetables | D88: 11,85$
A89: 606 | B89: 450 g | C89: Légumes déshydratés/Deshydrated vegetables | D89: 17.35
A90: C-607 | B90: 1 kg | C90: Légumes déshydratés/Deshydrated vegetables | D90: 26.25
A92: 610 | B92: 150 g | C92: Oignon blanc tranché/Sliced white onion | D92: 10,50$
A93: 613 | B93: 150 g | C93: Oignon grillé tranché/Sliced white onion | D93: 11,10$
A94: PANURE/BREAD-CRUMBS
A95: 621 | B95: 500 g | C95: Panure poulet/Seasoned bread-crumbs | D95: 13,35$
A96: 622 | B96: 1 kg | C96: Panure poulet/Seasoned bread-crumbs | D96: 18.65
A97: C-0623 | B97: 2,5 kg | C97: Panure poulet/Seasoned bread-crumbs | D97: 31.75
A98: C-0625 | B98: 10 kg | C98: Panure poulet/Seasoned bread-crumbs | D98: 73.5
A99: C-0626 | B99: 20 kg | C99: Panure poulet/Seasoned bread-crumbs | D99: 109.6
A100: FONDUE-FONDUE
A101: 687 | B101: 500 g | C101: Mélange fondue chinoise/Chinese fondue mix | D101: 18.65
A102: C-0688 | B102: 2,5 kg | C102: Mélange fondue chinoise/Chinese fondue mix | D102: 52.25
A103: C-0689 | B103: 10 kg | C103: Mélange fondue chinoise/Chinese fondue mix | D103: 129.5
A104: CAFÉ-COFFEE
A105: 701 | B105: 180 g | C105: Café instant naturel/Naturel instant coffee | D105: 15.3
A106: 702 | B106: 300 g | C106: Café instant naturel/Naturel instant coffee | D106: 21.8
A107: C-0703 | B107: 5 kg | C107: Café instant naturel/Naturel instant coffee | D107: 106.75

Sheet Clients
A1: Numéro | B1: Nom Rue | C1: NO Civique | D1: Code Postal | E1: Raison Sociale
A2: 1 | B2: rue Labadie | C2: 1213 | D2: J4N1E2 | E2: ALTEC MARINE INC.
A3: 2 | B3: boulevard Fernand-Lafontaine | C3: 2405 | D3: J4N1N7 | E3: WSP CANADA INC.
A4: 3 | B4: boulevard Roland-Therrien | C4: 375 | D4: J4H4A6 | E4: DESSAU INC.
A5: 4 | B5: rue de la Province | C5: 2370 | D5: J4G1G1 | E5: AQUA LEADER
A6: 5 | B6: boulevard Guimond | C6: 788 | D6: J4G1T5 | E6: PRAXAIR
A7: 6 | B7: boulevard Roland-Therrien | C7: 570 | D7: J4H3V9 | E7: CHOCOLAT PERFECTION INC.
A8: 7 | B8: rue Bériault | C8: 646 | D8: J4G1S8 | E8: SENTERRE ENTREPRENEUR GÉNÉRAL INC.
A9: 8 | B9: boulevard Marie-Victorin | C9: 2270 | D9: J4G1B3 | E9: ECOLE SUR MESURE
A10: 9 | B10: rue de la Métropole | C10: 2295 | D10: J4G1E5 | E10: RCR INTERNATIONAL INC.
A11: 10 | B11: rue Le Breton | C11: 619 | D11: J4G1R9 | E11: SERDY MÉDIA INC.
A12: 11 | B12: boulevard Marie-Victorin | C12: 2398 | D12: J4G1B6 | E12: Harmonia Montréal
A13: 12 | B13: rue de la Province | C13: 2355 | D13: J4G1G3 | E13: LES ENTREPÔTS DE MÉTAUX INC.
... A20: 19 | B20: boulevard Guimond | C20: 447 | D20: J4G1L8 | E20: SERGE GRONDIN
A21: 20 | B21: boulevard Marie-Victorin | C21: 1730 | E21: MILLENIUM COIFFURE
A22: 21 | B22: rue Labadie | C22: 1221 | D22: J4N1E2 | E22: auvent retractable
A23: 22 | B23: rue Jean-Neveu | C23: 894 | D23: J4G2M1 | E23: PUBLICATIONS BALSAM INC.
A24: 23 | B24: rue Bériault | C24: 923 | D24: J4G1X7 | E24: GOLDER ASSOCIES INNOVATION APPLIQUEES (GAIA) INC.
A25: 24 | B25: rue de la Métropole | C25: 2223 | D25: J4G1S5 | E25: B7 INDUSTRIEL INC.
A26: 25 | B26: boulevard Jean-Paul-Vincent | C26: 795 | D26: J4G1R3 | E26: HB FULLER
A27: 26 | B27: boulevard Roland-Therrien | C27: 375 | D27: J4H4A6 | E27: STANTEC EXPERTS-CONSEILS LTÉE
A28: 27 | B28: chemin du Lac | C28: 2566 | D28: J4N1G7 | E28: Déneigement Excavation JD Inc.
A29: 28 | B29: rue de l'Église | C29: 55 | D29: J4G1H8 | E29: PAROISSE LA VISITATION
A30: 29 | B30: boulevard Marie-Victorin | C30: 1750 | D30: J4G1A5 | E30: GESTION MANUS INC.
A31: 30 | B31: boulevard Marie-Victorin | C31: 1844 | D31: J4G1Y9 | E31: NETTOYEUR ET BUANDERIE METRO LONGUEUIL LTEE
A32: 31 | B32: chemin du Lac | C32: 2609 | D32: J4N1C1 | E32: TRANSPORT JCN
A33: 32 | B33: boulevard Guimond | C33: 822 | D33: J4G1T5 | E33: NUMERAX INC.
... A84: 83 | B84: rue Bériault | C84: 650 | D84: J4G1S8 | E84: SENTERRE ENTREPRENEUR GÉNÉRAL INC.
A85: 84 | B85: rue Delage | C85: 715 | E85: AUTRUCHE VARIETES INC.
A86: 85 | B86: rue Bériault | C86: 627 | D86: J4G1Z1 | E86: ILOT 307 INC.
A87: 86 | B87: boulevard Fernand-Lafontaine | C87: 2301 | D87: J4N1N7 | E87: COMMISSION SCOLAIRE MARIE-VICTORIN
A88: 87 | B88: rue Adoncour | C88: 681 | D88: J4G2M6 | E88: ESTHETIQUE NOUVELLE
A89: 88 | B89: chemin du Lac | C89: 2774 | D89: J4N1B8 | E89: CALTECH DIVISION AHL INC.
A90: 89 | B90: boulevard Jacques-Cartier Est | C90: 1760 | D90: J4N1C2 | E90: RECHERCHE INVASCOR
A91: 90 | B91: rue Adoncour | C91: 601 | D91: J4G2M6 | E91: ASS. DES GEST. DES ETABLISSEMENTS DE SANTE ET DE SERV. SO.
A92: 91 | B92: rue Bériault | C92: 790 | D92: J4G1R8 | E92: GESTION PROXIMA INC.
A93: 92 | B93: boulevard Jacques-Cartier Est | C93: 2656 | D93: J4N1P8 | E93: GOODMAN DISTRIBUTION INC.
A94: 93 | B94: boulevard Marie-Victorin | C94: 2264 | D94: J4G1B2 | E94: BRASSERIE BAR ZONE 132
A95: 94 | B95: rue Garneau | C95: 2275 | D95: J4G1E9 | E95: CENTRE D'AUTOS STE-CATHERINE INC.
A96: 95 | B96: rue Labadie | C96: 1209 | D96: J4N1E2 | E96: S.A.T. SOCIÉTÉ DES ARTS TECHNOLOGIQUES
A97: 96 | B97: rue de la Province | C97: 2117 | D97: J4G1Y6 | E97: GO LE GRAND DÉFI INC.
... A119: 118 | B119: rue Desautels | C119: 2750 | D119: J3Y3V3 | E119: MAIS SOUFFLE METROPOLITAIN INC.
A120: 119 | B120: avenue Raoul | C120: 6695 | E120: vente d'autos du quartier
A121: 120 | B121: chemin de la Savane | C121: 4200 | D121: J3Y0P6 | E121: Le Barrage Brasseurs inc.
A122: 121 | B122: chemin de la Savane | C122: 6050 | D122: J3Y8Y9 | E122: CARROSSERIE DE LA SAVANE
A123: 122 | B123: chemin de la Savane | C123: 4200 | D123: J3Y0P6 | E123: FRECHETTE FRUITS & LEGUMES INC.
A124: 123 | B124: chemin de la Savane | C124: 4200 | D124: J3Y0P6 | E124: FRECHETTE FRUITS & LEGUMES INC.
A125: 124 | B125: boulevard Davis | C125: 5550 | D125: J3Y7R1 | E125: Garage 786 Inc.
A126: 125 | B126: chemin de la Savane | C126: 4200 | D126: J3Y0P6 | E126: LA BOÎTE À CAFÉ
A127: 126 | B127: chemin de la Savane | C127: 4200 | D127: J3Y0P6 | E127: Citron que c'est bon ! Fruiterie inc.
A128: 127 | B128: chemin de la Savane | C128: 4200 | D128: J3Y0P6 | E128: Citron que c'est bon ! Fruiterie inc.
A129: 128 | B129: chemin de la Savane | C129: 4200 | D129: J3Y0P6 | E129: Citron que c'est bon ! Fruiterie inc.
A130: 129 | B130: montée Saint-Hubert | C130: 2755 | D130: J3Y4H6 | E130: EUREKA SOLUTIONS INC.
A131: 130 | B131: avenue Raoul | C131: 6695 | E131: Auto route HH
A132: 131 | B132: chemin de la Savane | C132: 6315 | D132: J3Y8Y9 | E132: Option Toiture inc.
A133: 132 | B133: chemin de Chambly | C133: 5130 | D133: J3Y3N3 | E133: AMDS PNEUS MECANIQUE
A134: 133 | B134: rue Bachand | C134: 5225 | D134: J3Y8Y9 | E134: S.M.P. TECH INC.
A135: 134 | B135: route de l'Aéroport | C135: 6000 | D135: J3Y8Y9 | E135: AVJET HOLDING INC.
A136: 135 | B136: montée Saint-Hubert | C136: 3665 | D136: J3Y4J8 | E136: AUTO SAINT-HUBERT
A137: 136 | B137: rue Monette | C137: 1300 | D137: J3Y7H9 | E137: MANON POUDRETTE
A138: 137 | B138: rue Henri-Massé | C138: 623 | D138: J3Y8T2 | E138: E.S. ENTRETIENS ET SERVICES DOMICILIAIRES ENRG.
A139: 138 | B139: rue Paré | C139: 3980 | D139: J3Y4S6 | E139: SERVICE DE PNEUS M&M ENR.
A140: 139 | B140: rue Rocheleau | C140: 750 | D140: J3Y4S8 | E140: AGENCE CAMEO INC.
A141: 140 | B141: chemin de Chambly | C141: 5725 | D141: J3Y3R2 | E141: LES ENTREPRISES BEAUVAIS ET CARRIERE INC.
A142: 141 | B142: avenue Raoul | C142: 5515 | D142: J3Y7P2 | E142: ENTREPRISES D.JOYAL ELECTRIQUE INC.
A143: 142 | B143: route de l'Aéroport | C143: 6100 | D143: J3Y8Y9 | E143: MAX AVIATION INC.
... A287: 286 | B287: boulevard Sainte-Foy | C287: 1244 | D287: J4K1X3 | E287: Dépanneur Dropby
A288: 287 | B288: rue Saint-Georges | C288: 1882 | E288: CLUB FADOQ SAINT-JOSAPHAT DE LEMOYNE
A289: 288 | B289: rue Verchères | C289: 915 | D289: J4K2Y8 | E289: 91933945 QUEBEC INC.
A290: 289 | B290: rue Sainte-Hélène | C290: 1291 | D290: J4K3S4 | E290: SPORTS POUR TOUS
A291: 290 | B291: rue Sainte-Hélène | C291: 1780 | D291: J4K3T1 | E291: LES ENTREPRISES D'ELECTRICITE PERREAULT INC.
A292: 291 | B292: place Charles-Le Moyne | C292: 100 | D292: J4K2T4 | E292: ELITE DU PARFUM
A293: 292 | B293: rue Saint-Laurent Ouest | C293: 825 | D293: J4K2V1 | E293: TOUTOU & MINOU INC.
A294: 293 | B294: avenue Victoria | C294: 1102 | D294: J4R1P7 | E294: MOTIF DESIGN TEXTILE
A295: 294 | B295: rue Saint-Laurent Ouest | C295: 825 | D295: J4K2V1 | E295: 9346-7660 Québec inc.
A296: 295 | B296: boulevard Taschereau | C296: 1012 | D296: J4K2X4 | E296: AUTOS CHOIX
A297: 296 | B297: place Charles-Le Moyne | C297: 201 | D297: J4K2T5 | E297: MINISTERE DES TRANSPORTS/DIRECTION DE L'EST-DE-LA-MONTEREGIE
A298: 297 | B298: rue Saint-Laurent Ouest | C298: 825 | D298: J4K2V1 | E298: EMOTIONS
A299: 298 | B299: rue Saint-Charles Ouest | C299: 1111 | D299: J4K5G4 | E299: LES DIAMANTS STORNOWAY (CANADA) INC.
A300: 299 | B300: rue Saint-Laurent Ouest | C300: 825 | D300: J4K2V1 | E300: CONCEPT ELITE
... A316: 315 | B316: rue Saint-Louis | C316: 205 | D316: J4R2L3 | E316: LES RESTAURANT TWISTED BURGER
A317: 316 | B317: rue Saint-Georges | C317: 1882 | E317: CLUB FADOQ SAINT-JOSAPHAT DE LEMOYNE
A318: 317 | B318: rue Saint-Louis | C318: 41 | D318: J4R2L3 | E318: CREATION DIANDRE FOURRURES
A319: 318 | B319: rue De La Barre | C319: 70 | D319: J4K5J3 | E319: GAGNON, TREMBLAY INC
A320: 319 | B320: rue Saint-Louis | C320: 88 | D320: J4R2L4 | E320: YELLE DECO
A321: 320 | B321: rue De Sérigny | C321: 1010 | D321: J4K5G7 | E321: Promutuel Assurance
A322: 321 | B322: boulevard Payer | C322: 6000 | D322: J3Y5Y8 | E322: LARIVIERE & LARIVIERE, NOTAIRE
A323: 322 | B323: rue Nadeau | C323: 4075 | D323: J3Y2H4 | E323: PLOMBERIE DOROTHY INC.
A324: 323 | B324: rue Forgues | C324: 4255 | D324: J3Y2P4 | E324: LOUIS DOYON CA
A325: 324 | B325: rue des Pervenches | C325: 4151 | D325: J3Y8S5 | E325: LES INSTALLATIONS ELECTRIQUES MARCEL TESSIER INC.
A326: 325 | B326: boulevard Losch | C326: 3400 | D326: J3Y5T6 | E326: SENNECO INC.
A327: 326 | B327: boulevard Taschereau | C327: 3565 | D327: J4T2G2 | E327: LES BOUTIQUES MARCADO 5 ETOILES INC.
A328: 327 | B328: rue Soucy | C328: 1446 | D328: J4T1A3 | E328: R.P.M. FILLION INC.
A329: 328 | B329: Grande Allée | C329: 3742 | D329: J4T2V2 | E329: Pizza unik
... A404: 403 | B404: rue Saint-Laurent Ouest | C404: 825 | D404: J4K2V1 | E404: REITMANS
A405: 404 | B405: rue Charron | C405: 194 | E405: LAFORTUNE LÉGAL
A406: 405 | B406: rue Saint-Laurent Ouest | C406: 878 | D406: J4K5E9 | E406: Ongles Longueuil Inc.
A407: 406 | B407: place Charles-Le Moyne | C407: 45 | D407: J4K5G5 | E407: PIERRE ROY & ASSOCIES INC.
A408: 407 | B408: rue Saint-Georges | C408: 2499 | D408: J4R2T4 | E408: DAVID VEILLEUX SERVICES FINANCIERS INC.
A409: 408 | B409: rue Sainte-Hélène | C409: 899 | D409: J4K3R7 | E409: CARREFOUR JEUNESSE LONGUEUIL RIVE-SUD
...

Sheet Facture
D3: =IF(B5="","",IFERROR(VLOOKUP(B5,Clients!A:E,5,0),"CLIENT INEXISTANT")) -> CHOCOLAT PERFECTION INC.
B4: N° Client | D4: =IF(B5="","",IFERROR(VLOOKUP(B5,Clients!A:E,3,0),"") & IF(D3="CLIENT INEXISTANT","",", ") & IFERROR(VLOOKUP(B5,Clients!A:E,2,0),"")) -> 570, boulevard Roland-Therrien
B5: 6 | D5: =IF(B5="","",IF(D3="CLIENT INEXISTANT","","Longueil, " & IFERROR(VLOOKUP(B5,Clients!A:E,4,0),""))) -> Longueil, J4H3V9
B7: N° Facture | D7: Date facture
B8: 125 | D8: 43230
B10: Numéro | C10: Qté | D10: Format | E10: Description | F10: Prix | G10: Escompte | H10: Sous-total
D11: =IF(B11="","",VLOOKUP(B11,Inventaire!A:D,2,0)) | E11: =IF(B11="","",VLOOKUP(B11,Inventaire!A:D,3,0)) | F11: =IF(B11="","",VLOOKUP(B11,Inventaire!A:D,4,0)) | G11: =IF(OR(B11="",ISNA(F11)),0,IF(C11>99,0.2,IF(C11>49,0.18,IF(C11>19,0.15,IF(C11>9,0.1,0))))) -> 0 | H11: =IF(OR(B11="",ISNA(F11)),"",IF(OR(C11="",F11=""),0,ROUND(F11*(1-G11)*C11,2)))
D12: =IF(B12="","",VLOOKUP(B12,Inventaire!A:D,2,0)) | E12: =IF(B12="","",VLOOKUP(B12,Inventaire!A:D,3,0)) | F12: =IF(B12="","",VLOOKUP(B12,Inventaire!A:D,4,0)) | G12: =IF(OR(B12="",ISNA(F12)),0,IF(C12>99,0.2,IF(C12>49,0.18,IF(C12>19,0.15,IF(C12>9,0.1,0))))) -> 0 | H12: =IF(OR(B12="",ISNA(F12)),"",IF(OR(C12="",F12=""),0,ROUND(F12*(1-G12)*C12,2)))
D13: =IF(B13="","",VLOOKUP(B13,Inventaire!A:D,2,0)) | E13: =IF(B13="","",VLOOKUP(B13,Inventaire!A:D,3,0)) | F13: =IF(B13="","",VLOOKUP(B13,Inventaire!A:D,4,0)) | G13: =IF(OR(B13="",ISNA(F13)),0,IF(C13>99,0.2,IF(C13>49,0.18,IF(C13>19,0.15,IF(C13>9,0.1,0))))) -> 0 | H13: =IF(OR(B13="",ISNA(F13)),"",IF(OR(C13="",F13=""),0,ROUND(F13*(1-G13)*C13,2)))
D14: =IF(B14="","",VLOOKUP(B14,Inventaire!A:D,2,0)) | E14: =IF(B14="","",VLOOKUP(B14,Inventaire!A:D,3,0)) | F14: =IF(B14="","",VLOOKUP(B14,Inventaire!A:D,4,0)) | G14: =IF(OR(B14="",ISNA(F14)),0,IF(C14>99,0.2,IF(C14>49,0.18,IF(C14>19,0.15,IF(C14>9,0.1,0))))) -> 0 | H14: =IF(OR(B14="",ISNA(F14)),"",IF(OR(C14="",F14=""),0,ROUND(F14*(1-G14)*C14,2)))
D15: =IF(B15="","",VLOOKUP(B15,Inventaire!A:D,2,0)) | E15: =IF(B15="","",VLOOKUP(B15,Inventaire!A:D,3,0)) | F15: =IF(B15="","",VLOOKUP(B15,Inventaire!A:D,4,0)) | G15: =IF(OR(B15="",ISNA(F15)),0,IF(C15>99,0.2,IF(C15>49,0.18,IF(C15>19,0.15,IF(C15>9,0.1,0))))) -> 0 | H15: =IF(OR(B15="",ISNA(F15)),"",IF(OR(C15="",F15=""),0,ROUND(F15*(1-G15)*C15,2)))
D16: =IF(B16="","",VLOOKUP(B16,Inventaire!A:D,2,0)) | E16: =IF(B16="","",VLOOKUP(B16,Inventaire!A:D,3,0)) | F16: =IF(B16="","",VLOOKUP(B16,Inventaire!A:D,4,0)) | G16: =IF(OR(B16="",ISNA(F16)),0,IF(C16>99,0.2,IF(C16>49,0.18,IF(C16>19,0.15,IF(C16>9,0.1,0))))) -> 0 | H16: =IF(OR(B16="",ISNA(F16)),"",IF(OR(C16="",F16=""),0,ROUND(F16*(1-G16)*C16,2)))
D17: =IF(B17="","",VLOOKUP(B17,Inventaire!A:D,2,0)) | E17: =IF(B17="","",VLOOKUP(B17,Inventaire!A:D,3,0)) | F17: =IF(B17="","",VLOOKUP(B17,Inventaire!A:D,4,0)) | G17: =IF(OR(B17="",ISNA(F17)),0,IF(C17>99,0.2,IF(C17>49,0.18,IF(C17>19,0.15,IF(C17>9,0.1,0))))) -> 0 | H17: =IF(OR(B17="",ISNA(F17)),"",IF(OR(C17="",F17=""),0,ROUND(F17*(1-G17)*C17,2)))
D18: =IF(B18="","",VLOOKUP(B18,Inventaire!A:D,2,0)) | E18: =IF(B18="","",VLOOKUP(B18,Inventaire!A:D,3,0)) | F18: =IF(B18="","",VLOOKUP(B18,Inventaire!A:D,4,0)) | G18: =IF(OR(B18="",ISNA(F18)),0,IF(C18>99,0.2,IF(C18>49,0.18,IF(C18>19,0.15,IF(C18>9,0.1,0))))) -> 0 | H18: =IF(OR(B18="",ISNA(F18)),"",IF(OR(C18="",F18=""),0,ROUND(F18*(1-G18)*C18,2)))
D19: =IF(B19="","",VLOOKUP(B19,Inventaire!A:D,2,0)) | E19: =IF(B19="","",VLOOKUP(B19,Inventaire!A:D,3,0)) | F19: =IF(B19="","",VLOOKUP(B19,Inventaire!A:D,4,0)) | G19: =IF(OR(B19="",ISNA(F19)),0,IF(C19>99,0.2,IF(C19>49,0.18,IF(C19>19,0.15,IF(C19>9,0.1,0))))) -> 0 | H19: =IF(OR(B19="",ISNA(F19)),"",IF(OR(C19="",F19=""),0,ROUND(F19*(1-G19)*C19,2)))
D20: =IF(B20="","",VLOOKUP(B20,Inventaire!A:D,2,0)) | E20: =IF(B20="","",VLOOKUP(B20,Inventaire!A:D,3,0)) | F20: =IF(B20="","",VLOOKUP(B20,Inventaire!A:D,4,0)) | G20: =IF(OR(B20="",ISNA(F20)),0,IF(C20>99,0.2,IF(C20>49,0.18,IF(C20>19,0.15,IF(C20>9,0.1,0))))) -> 0 | H20: =IF(OR(B20="",ISNA(F20)),"",IF(OR(C20="",F20=""),0,ROUND(F20*(1-G20)*C20,2)))
F21: Sous-total global : | H21: =SUM(H11:H20) -> 0
F22: Frais de livraison : | H22: =IF(OR(H21=0,H21>400,SUM(C11:C20)>25),0,25) -> 0
F23: TVA 20 % : | H23: =(H21+H22)*20% -> 0
F24: Net à Payer : | H24: =H21+H22+H23 -> 0
